 Dungeon Crawl Stone Soup version 0.21.1-1-g345015f (webtiles) character file.

460 inc the Chiller (level 7, 0/41 HPs)
             Began as an Octopode Enchanter on Apr 21, 2018.
             Shot with an arrow by a centaur (9 damage)
             ... on level 5 of the Dungeon.
             The game lasted 00:08:24 (5526 turns).

inc the Chiller (Octopode Enchanter)                Turns: 5526, Time: 00:08:25

Health: 0/41       AC:  1    Str:  4 (7)  XL:     7   Next: 7%
Magic:  12/12      EV: 13    Int: 21 (24) God:
Gold:   190        SH:  0    Dex: 10 (13) Spells: 6/12 levels left

rFire    . . .     SeeInvis .   a - +1 dagger
rCold    . . .     Gourm    .   (no shield)
rNeg     . . .     Faith    .   (helmet restricted)
rPois    .         Spirit   .   (no amulet)
rElec    .         Reflect  .   h - ring of protection from magic
rCorr    .         Harm     .   (no ring)
MR       +....                  (no ring)
Stlth    +++.......             (no ring)
HPRegen  0.13/turn              (no ring)
MPRegen  0.13/turn              (no ring)
                                (no ring)
                                (no ring)

@: brilliant, berserk cooldown, slowed, very slow
A: almost no armour, stealthy swim, amphibious, 8 rings, constrict 8, camouflage
1, gelatinous body 1
a: no special abilities


You were on level 5 of the Dungeon.
You were very hungry.

You visited 1 branch of the dungeon, and saw 5 of its levels.

You collected 190 gold pieces.

Inventory:

Hand Weapons
 a - a +1 dagger (weapon)
Jewellery
 h - a ring of protection from magic (left tentacle)
 j - a cursed -6 ring of intelligence {unknown}
 k - an uncursed amulet of guardian spirit {unknown}
Wands
 y - a wand of random effects (10)
Scrolls
 f - a scroll of random uselessness {unknown}
 g - 11 scrolls of identify {unknown}
 l - 2 scrolls of noise {unknown}
 m - a scroll of immolation {unknown}
 n - a scroll of fear {unknown}
 p - a scroll of enchant armour {unknown}
 t - a scroll of blinking {unknown}
 v - 2 scrolls of teleportation {unknown}
 x - a scroll of enchant weapon {unknown}
Potions
 o - a potion of invisibility {unknown}
 r - a potion of haste
 s - a potion of brilliance
Books
 b - a book of Maledictions

   Spells                             Type                      Level
   a - Corona                         Hexes                        1
   b - Ensorcelled Hibernation        Hexes/Ice                    2
   c - Confuse                        Hexes                        3
   d - Tukima's Dance                 Hexes                        3
   e - Dazzling Spray                 Conjuration/Hexes            3
 w - a book of Callings

   Spells                             Type                      Level
   a - Summon Small Mammal            Summoning                    1
   b - Call Imp                       Summoning                    2
   c - Call Canine Familiar           Summoning                    3
   d - Summon Guardian Golem          Hexes/Summoning              3
   e - Summon Lightning Spire         Summoning/Air                4
   f - Summon Ice Beast               Ice/Summoning                4
Comestibles
 c - 9 rations


   Skills:
 - Level 4.0 Short Blades
 - Level 2.0 Dodging
 - Level 4.0 Stealth
 + Level 3.4 Spellcasting
 - Level 3.0 Hexes
 - Level 4.7 Ice Magic


You had 6 spell levels left.
You knew the following spells:

 Your Spells              Type           Power        Failure   Level  Hunger
a - Corona                Hex            ####...      1%          1    None
b - Ensorcelled Hibernat  Hex/Ice        ####..       1%          2    ##.....
c - Confuse               Hex            ####....     1%          3    ###....


Dungeon Overview and Level Annotations

Branches:
Dungeon (5/15)
 Temple: D:4-7

Altars:
Cheibriados
Elyvilon
Nemelex Xobeh


Innate Abilities, Weirdness & Mutations

You cannot wear most types of armour.
You are very stealthy in the water. (Stealth+)
You are amphibious.
You can wear up to eight rings at the same time.
You can use your tentacles to constrict eight enemies at once.
Your skin changes colour to match your surroundings (Stealth+).
Your rubbery body absorbs attacks. (AC +1, EV +1)


Message History

You miss something. You squeeze something.
You hear some strange, mumbled words.
A magic dart appears from out of thin air!
The magic dart hits you!
An orc wizard comes into view. It is wielding a dagger.
You are feeling very hungry.
Found a ration.
Something hits you.
Your extra speed is starting to run out.
A shadow imp comes into view.
A magic dart appears from out of thin air!
The magic dart hits you!
You feel yourself slow down.
The centaur shouts!
The centaur wields a shortbow.
The centaur shoots an arrow.
The arrow hits you!
* * * LOW HITPOINT WARNING * * *
You see here an arrow.
The centaur shoots an arrow.
The arrow hits you but does no damage.
The centaur shoots an arrow.
The arrow hits you!
You die...

o.........##..c .........#
..............##........=#
.......Z...#..##.........#
....#.....#.o.##...%....Y#
.##......)#.#..#..c......# .#
.....5.o.##.#.........####
...........###)#.......<...?#
$##.......5###.#.........##.#
.# ........o.o.(@........# ..
..........#.#..##..#.##
.............#.##.....#.#
.Z...........#.# ###....#
.........$...#.# #..###
.....###...)...### #. #
..#.....#........## ##
.....##........#..###..###
.###.####.................


You could see a centaur, a shadow imp and 2 orcs.

Vanquished Creatures
  A scorpion (D:5)
  A hound (D:5)
  2 bullfrog skeletons
  An orc wizard (D:5)
  5 worker ants
  8 adders
  An adder zombie (D:5)
  3 worms
  3 leopard geckos
  An orc (D:5)
  4 ball pythons
  11 giant cockroaches
  8 goblins
  5 hobgoblins
  11 jackals
  7 kobolds
  4 quokkas
  A ball python skeleton (D:4)
  9 bats
  6 frilled lizards
  A leopard gecko skeleton (D:4)
  5 rats
98 creatures vanquished.

Notes
Turn   | Place    | Note
-------+----------+-------------------------------------------
     0 | D:1      | inc the Octopode Enchanter began the quest for the Orb.
     0 | D:1      | Reached XP level 1. HP: 11/11 MP: 3/3
   371 | D:1      | Reached XP level 2. HP: 12/17 MP: 5/5
   740 | D:1      | Learned a level 2 spell: Ensorcelled Hibernation
   952 | D:1      | Found a sparkling altar of Nemelex Xobeh.
  1010 | D:1      | Reached XP level 3. HP: 21/21 MP: 6/6
  1808 | D:2      | Reached XP level 4. HP: 27/27 MP: 7/7
  1839 | D:2      | Found a faded altar of an unknown god.
  2494 | D:3      | Learned a level 3 spell: Confuse
  2914 | D:3      | Found a white marble altar of Elyvilon.
  2946 | D:3      | Reached skill level 1 in Ice Magic
  3496 | D:4      | Reached XP level 5. HP: 31/31 MP: 8/8
  4075 | D:4      | Reached XP level 6. HP: 20/36 MP: 4/9
  4278 | D:4      | Noticed a phantom
  4798 | D:5      | Entered Level 5 of the Dungeon
  4798 | D:5      | Found a snail-covered altar of Cheibriados.
  5224 | D:5      | Noticed an ice beast
  5491 | D:5      | Reached XP level 7. HP: 23/41 MP: 2/11
  5526 | D:5      | Shot with an arrow by a centaur

Skill      XL: |  1  2  3  4  5  6 |
---------------+-------------------+-----
Short Blades   | 2 3 4 |  4.0
Ice Magic      | 2 4 |  4.7
Spellcasting   | 3 |  3.4
Dodging        | |  2.0
Stealth        | |  4.0
Hexes          | |  3.0

Action                   |  1- 3 |  4- 6 |  7- 9 || total
-------------------------+-------+-------+-------++-------
Melee: Dagger            |    67 |   142 |    17 ||   226
       Tentacles         |    10 |    14 |     1 ||    25
       Constrict         |    12 |    21 |       ||    33
 Cast: Ensorcelled Hiber |     5 |    43 |       ||    48
       Confuse           |       |     4 |       ||     4
  Use: Potion            |       |     4 |     3 ||     7
 Stab: Sleeping          |    18 |    38 |       ||    56
       Confused          |       |     1 |       ||     1
  Eat: Chunk             |     3 |    14 |       ||    17
Armor: Skin              |     8 |    21 |     6 ||    35
Dodge: Dodged            |    26 |    83 |     1 ||   110
